 Dungeon Crawl Stone Soup version 0.31.0-12-g77e489cdc1 (webtiles) character file.

Game seed: 1392262911250940647

327 Janerl the Cudgeller (level 6, -5/84 HPs)
             Began as a Minotaur Berserker on Mar 2, 2024.
             Was a Believer of Trog.
             Slain by a gnoll
             ... wielding a +0 halberd
             ... led by a gnoll bouda
              (11 damage)
             ... on level 3 of the Dungeon.
             The game lasted 00:08:05 (2617 turns).

Janerl the Cudgeller (Minotaur Berserker)           Turns: 2617, Time: 00:08:05

Health: -5/84      AC:  9    Str: 23    XL:     6   Next: 24%
Magic:  5/5        EV:  9    Int:  4    God:    Trog [**....]
Gold:   148        SH:  0    Dex: 10    Spells: 5/5 levels left

rFire   + . .        a - +0 mace
rCold   . . .        (no shield)
rNeg    . . .        q - +0 chain mail
rPois   .            (helmet restricted)
rElec   .            (no cloak)
rCorr   .            (no gloves)
SInv    .            (no boots)
Will    .....        (no amulet) Stlth
                     d - ring of protection from fire
HPRegen 0.34/turn    (no ring)
MPRegen 0.09/turn

%: no passive effects
@: berserking (expiring), very quick
A: horns 2, retaliatory headbutt
a: Renounce Religion, Berserk, Trog's Hand


You were on level 3 of the Dungeon.
You worshipped Trog.
Trog was pleased with you.
You visited 1 branch of the dungeon, and saw 3 of its levels.

You collected 148 gold pieces.

Inventory:

Hand Weapons
 a - a +0 mace (weapon)
 o - a +2 dagger of freezing
Missiles
 b - 6 boomerangs (quivered)
 n - 4 poisoned darts
 r - 2 throwing nets
Armour
 q - a +0 chain mail (worn)
Jewellery
 d - a ring of protection from fire (left hand)
Wands
 k - a wand of flame (11)
Scrolls
 c - 4 scrolls of identify {unknown}
 g - a scroll of fog {unknown}
 i - a scroll of enchant weapon {unknown}
 l - 3 scrolls of noise {unknown}
 m - a scroll of poison {unknown}
 t - a scroll of teleportation {unknown}
Potions
 e - 2 potions of brilliance {unknown}
 f - 3 potions of might {unknown}
 h - a potion of degeneration {unknown}
 j - a potion of attraction {unknown}
 p - a potion of haste {unknown}
 s - a potion of curing {unknown}


   Skills:
 + Level 5.3 Fighting
 + Level 6.4 Maces & Flails
 + Level 1.1 Throwing
 + Level 3.1 Armour
 + Level 3.1 Dodging
 + Level 0.6 Stealth


You had 5 spell levels left.
You didn't know any spells.
Your spell library was empty.

Dungeon Overview and Level Annotations

Branches:
Dungeon (3/15)

Altars:
Makhleb
Nemelex Xobeh
Okawaru

Shops:
D:1 [


Innate Abilities, Weirdness & Mutations

You have a pair of horns on your head.
You reflexively headbutt those who attack you in melee.


Message History

The gnoll bouda is moderately wounded.
The orc misses you.
The gnoll bouda hits you with a +0 club.
You hit the gnoll bouda. You headbutt the gnoll bouda!
The gnoll bouda is almost dead.
The gnoll hits you from afar with a +0 halberd.
The gnoll hits you from afar with a +0 halberd!
* * * LOW HITPOINT WARNING * * *
The orc barely misses you.
The gnoll bouda hits you with a +0 club.
* * * LOW HITPOINT WARNING * * *
You hit the gnoll bouda.
You kill the gnoll bouda!
Trog accepts your kill.
The gnoll hits you from afar with a +0 halberd.
* * * LOW HITPOINT WARNING * * *
The gnoll hits you from afar with a +0 halberd.
* * * LOW HITPOINT WARNING * * *
You barely miss the gnoll. The orc hits you but does no damage.
The gnoll closely misses you.
The gnoll hits you from afar with a +0 halberd!
* * * LOW HITPOINT WARNING * * *
The gnoll hits you but does no damage. The gnoll hits you with a +0 whip.
* * * LOW HITPOINT WARNING * * *
Okay, then.
You thump the gnoll! Your punch misses the gnoll.
The gnoll is severely wounded.
Your attacks no longer feel as feeble.
The orc closely misses you. The gnoll misses you.
You bludgeon the gnoll!!
You kill the gnoll!
Trog accepts your kill.
The gnoll hits you from afar with a +0 halberd.
* * * LOW HITPOINT WARNING * * *
The gnoll closely misses you. x2; The orc barely misses you.
You furiously retaliate!
You headbutt the orc. You hit the gnoll.
The gnoll is moderately wounded.
The gnoll hits you from afar with a +0 halberd!
You die...

......##...# #.# #.#.###.P.
.....###...# ### #.#>##.P..
....## #g..# #.#...P.PP ....#
##...######## #.####.._P ###.#
#8§.^8#8.!.8######.####..♣♣ #.#
#.....#....!##.<..........P
###.###.._..'.g[..######.########
.....##.....#.go)?# #.#
....###8..§8#8.g@8# #.#
.....###§).######## #.# .#####
#.).# #####.# .# #...# ###
#.....# .# #...# #.# ####### .#
#.)## #.# .# #..# #.# .# #..#
#.#### .# #####..####....#


You could see 3 gnolls and an orc.

Vanquished Creatures
  A bombardier beetle (D:3)
  A howler monkey (D:3)
  A gnoll bouda (D:3)
  Terence (D:2)
  An orc wizard (D:3)
  7 gnolls (D:3)
  4 adders
  A dart slug (D:2)
  3 orcs (D:3)
  A ball python (D:1)
  A bat (D:1)
  8 endoplasms
  4 giant cockroaches
  8 goblins
  5 hobgoblins
  6 jackals (D:1)
  A quokka (D:2)
  4 frilled lizards
  3 kobolds (D:1)
  4 rats
65 creatures vanquished.

Notes
Turn   | Place    | Note
-------+----------+-------------------------------------------
     0 | D:1      | Janerl the Minotaur Berserker began the quest for the Orb.
     0 | D:1      | Reached XP level 1. HP: 19/19 MP: 0/0
    59 | D:1      | Reached skill level 4 in Maces & Flails
    59 | D:1      | Reached XP level 2. HP: 25/27 MP: 1/1
   104 | D:1      | Found Zalisaru's Armour Shop.
   606 | D:1      | Reached XP level 3. HP: 32/33 MP: 2/2
   739 | D:2      | Found a burning altar of Makhleb.
  1016 | D:2      | Reached ** piety under Trog
  1093 | D:2      | Reached XP level 4. HP: 36/41 MP: 3/3
  1099 | D:2      | Reached skill level 5 in Maces & Flails
  1170 | D:2      | Noticed Terence
  1178 | D:2      | Killed Terence
  1428 | D:3      | Found a faded altar of an unknown god.
  1611 | D:3      | Reached XP level 5. HP: 19/47 MP: 4/4
  2087 | D:3      | Found a sparkling altar of Nemelex Xobeh.
  2112 | D:3      | Found an iron altar of Okawaru.
  2112 | D:3      | Found a runed translucent door.
  2127 | D:3      | Reached skill level 5 in Fighting
  2249 | D:3      | Found the +0 toga "Victory" {*Victory Clar}
  2332 | D:3      | Reached skill level 6 in Maces & Flails
  2395 | D:3      | Reached XP level 6. HP: 56/56 MP: 5/5
  2611 | D:3      | Reached skill level 1 in Throwing
  2617 | D:3      | Slain by a gnoll

Illustrated notes

Levels and vault maps discovered:
D:1:      heliophobic_arrival_enchanted_forest, layout_basic, serial_curves,
          eino_curves_03, eino_curves_03, serial_shops, shop, nrook_mini_vaults,
          minmay_misc_feat_columns
D:2:      layout_loops_ring, basic_altar, nicolae_houndstooth_variations,
          uniq_terence
D:3:      layout_loops_ring, nicolae_overflow_guarded_unrand_okawaru_victory,
          nemelex_xobeh_ov_fountains_minmay, ebering_ecumenical_altar_petrified,
          grunt_decor_fettered, grunt_ministairs_10

Skill      XL: |  1  2  3  4  5  6 |
---------------+-------------------+-----
Maces & Flails | 4 5 6 |  6.4
Fighting       | 4 5 |  5.3
Dodging        | 3 |  3.1
Armour         | 3 |  3.1
Throwing       | 1 |  1.1
Stealth        | |  0.6

Action                     |  1- 3 |  4- 6 || total
---------------------------+-------+-------++-------
  Melee: Mace              |    70 |    71 ||   141
         Headbutt          |     1 |    10 ||    11
  Throw: Boomerang         |       |    13 ||    13
 Invoke: Berserk           |       |     4 ||     4
 Armour: Animal skin       |    42 |    24 ||    66
         Chain mail        |       |    45 ||    45
  Dodge: Dodged            |    53 |    40 ||    93
